 Dungeon Crawl Stone Soup version 0.21.1-74-g47da925 (webtiles) character file.

11076 Madoushi the Cleaver (level 11, 0/102 HPs)
             Began as a Minotaur Berserker on Aug 6, 2018.
             Was a High Priest of Trog.
             Succumbed to Sonja's poison
             ... on level 11 of the Dungeon.
             The game lasted 00:28:14 (9249 turns).

Madoushi the Cleaver (Minotaur Berserker)           Turns: 9249, Time: 00:28:15

Health: 0/102      AC: 19    Str: 28    XL:     11   Next: 44%
Magic:  10/10      EV: 13    Int:  4    God:    Trog [*****.]
Gold:   513        SH:  0    Dex: 13    Spells: 10/10 levels left

rFire    . . .     SeeInvis .   E - +5 war axe of Contradiction {chop, MR+ Dex+4}
rCold    + . .     Gourm    .   (no shield)
rNeg     . . .     Faith    .   y - +0 plate armour
rPois    .         Spirit   .   (helmet restricted)
rElec    .         Reflect  .   J - +0 cloak
rCorr    .         Harm     .   p - +0 pair of gloves
MR       +....                  B - +0 pair of boots
Stlth    ..........             (no amulet)
HPRegen  0.27/turn              r - +2 ring of strength
MPRegen  0.12/turn              K - ring of protection from cold

@: lethally poisoned (0 -> -54), about to teleport, berserk cooldown, slowed,
very slow
A: retaliatory headbutt, horns 2
a: Berserk, Trog's Hand, Brothers in Arms, Burn Spellbooks, Renounce Religion


You were on level 11 of the Dungeon.
You worshipped Trog.
Trog was extremely pleased with you.
You were near starving.

You visited 2 branches of the dungeon, and saw 12 of its levels.

You collected 513 gold pieces.

Inventory:

Hand Weapons
 a - a +0 hand axe
 E - the +5 war axe of Contradiction (weapon) {chop, MR+ Dex+4}
   (You found it on level 7 of the Dungeon)

   It inflicts extra damage upon your enemies.
   It affects your dexterity (+4).
   It affects your resistance to hostile enchantments.
 M - a +2 battleaxe of electrocution
Armour
 b - a +0 animal skin
 f - a scarf of spirit shield
 m - a +0 ring mail
 p - a +0 pair of gloves (worn)
 y - a +0 plate armour (worn)
 B - a +0 pair of boots (worn)
 J - a +0 cloak (worn)
Jewellery
 r - a +2 ring of strength (left hand)
 C - an uncursed amulet of rage
 G - an uncursed ring of ice
 K - a ring of protection from cold (right hand)
 N - an uncursed ring of ice
Wands
 d - a wand of iceblast (5)
 A - a wand of flame (15)
 F - a wand of acid (15)
 H - a wand of digging (16)
Scrolls
 h - a scroll of amnesia
 i - a scroll of summoning {unknown}
 l - a scroll of magic mapping
 n - 2 scrolls of enchant armour
 q - 4 scrolls of remove curse
 t - a scroll of fear
 D - 3 scrolls of teleportation
Potions
 e - a potion of agility {unknown}
 g - a potion of degeneration {unknown}
 o - a potion of heal wounds
 s - a potion of curing {unknown}
 u - 2 potions of magic
 v - a potion of resistance {unknown}
 w - 2 potions of might {unknown}
 z - 2 potions of mutation {unknown}
 I - a potion of lignification {unknown}
Comestibles
 c - 11 rations


   Skills:
 + Level 11.3 Fighting
 + Level 12.4 Axes
 + Level 11.1 Armour
 + Level 10.2 Dodging


You had 10 spell levels left.
You didn't know any spells.

Dungeon Overview and Level Annotations

Branches:
Dungeon (11/15)            Temple (0/1) D:4            Lair (1/6) D:9
    Orc (0/2) D:10

Altars:
Ashenzari
Cheibriados
Dithmenos
Elyvilon
Fedhas
Gozag
Hepliaklqana
Nemelex Xobeh
Ru
Sif Muna
Trog
Vehumet
The Shining One

Shops:
D:4 (   D:9 *

Annotations:
Lair:1 1 transporter


Innate Abilities, Weirdness & Mutations

You reflexively headbutt those who attack you in melee.
You have a pair of horns on your head.


Message History

You feel very sick.
Sonja unwields an uncursed blowgun.
Sonja wields an uncursed dagger of venom.
It begins to drip with poison!
Sonja closely misses you. x2
Sonja hits you but does no damage.
You are more poisoned.
You miss Sonja.
Sonja is severely wounded.
You are near starving!
* * * LOW HITPOINT WARNING * * *
You feel very sick. Sonja barely misses you. Sonja hits you but does no damage.
You are more poisoned.
Sonja barely misses you. Sonja closely misses you. You furiously retaliate!
You headbutt Sonja! Sonja hits you but does no damage. x2
You hit Sonja.
You kill Sonja!
Trog accepts your kill.
Trog appreciates your killing of a magic user.
You die...

### #.. .)# #.# #.# #.# ..
#.# #.##### ##... #.###
#.#(.. !.%.. †...# ##.#.#
......
....####..(.###########.#...
..........†.....@).##..... .
....####....######(##<#.#....
...)# ####.# #(.)....K...
#.### #(# ####.#.#..## ..#
###)# #..... ..# #.))#
#.#.#... .## #.#)# #.#......
## #.#.# #.# #.... # # #..
#.# #.#.


There were no monsters in sight!

Vanquished Creatures
  A hydra (D:11)
  2 two-headed ogres
  Sonja (D:11)
  Pikel (D:7)
  A spiny frog (Lair:1)
  A kobold demonologist (D:11)
  A komodo dragon (Lair:1)
  2 trolls (D:10)
  2 hippogriffs
  A basilisk (D:9)
  A hungry ghost (D:10)
  A yak (D:9)
  Menkaure (D:6)
  An acid dragon (D:9)
  4 water moccasins
  6 black bears
  3 ice beasts
  4 orc warriors
  2 eyes of draining
  A phantom (D:4)
  3 sky beasts
  5 ogres
  7 centaurs
  6 crocodiles
  2 big kobolds
  3 bullfrogs
  A wyvern zombie (D:7)
  A water moccasin skeleton (D:10)
  3 scorpions
  5 killer bees (D:11)
  2 howler monkeys (D:4)
  An electric eel (D:10)
  3 centaur zombies
  5 crimson imps
  A bullfrog zombie (D:8)
  A quasit (D:7)
  Crazy Yiuf (D:7)
  5 orc priests
  A bullfrog skeleton (D:10)
  A centaur skeleton (D:11)
  6 hounds
  A jelly (D:9)
  3 iguanas
  5 orc wizards
  3 worker ants
  A hound skeleton (D:4)
  A howler monkey zombie (D:5)
  3 gnolls (D:2)
  9 adders
  4 shadow imps
  An adder zombie (D:8)
  3 adder skeletons
  5 worms
  The ghost of shugdite the Covered, a weakling MiFi (D:3)
  2 dart slugs
  5 leopard geckos
  28 orcs
  A ball python (D:3)
  10 bats
  A giant cockroach (D:8)
  4 goblins
  10 jackals
  18 kobolds
  7 quokkas
  4 frilled lizards
  A leopard gecko zombie (D:8)
  A quokka zombie (D:7)
  3 rats
235 creatures vanquished.

Notes
Turn   | Place    | Note
-------+----------+-------------------------------------------
     0 | D:1      | Madoushi the Minotaur Berserker began the quest for the Orb.
     0 | D:1      | Reached XP level 1. HP: 19/19 MP: 0/0
   442 | D:1      | You fall through a shaft!
   444 | D:2      | Reached XP level 2. HP: 27/27 MP: 1/1
   446 | D:2      | Reached skill level 4 in Axes
   447 | D:2      | Reached XP level 3. HP: 33/33 MP: 2/2
  1060 | D:2      | Found an opulent altar of Gozag.
  1235 | D:2      | Reached skill level 9 in Axes
  1235 | D:2      | Reached skill level 5 in Dodging
  1235 | D:2      | Reached XP level 4. HP: 47/47 MP: 3/3
  1393 | D:3      | Reached ** piety under Trog
  1394 | D:3      | Noticed shugdite's ghost (weakling MiFi)
  1406 | D:3      | Killed shugdite's ghost
  1723 | D:3      | Reached XP level 5. HP: 52/52 MP: 4/4
  2511 | D:4      | Reached XP level 6. HP: 54/60 MP: 5/5
  2811 | D:4      | Reached XP level 7. HP: 50/66 MP: 6/6
  2812 | D:4      | Reached *** piety under Trog
  3120 | D:4      | Found a white marble altar of Elyvilon.
  3217 | D:4      | Found Uchobb's Antique Weapon Emporium.
  3263 | D:4      | Found a staircase to the Ecumenical Temple.
  3439 | D:5      | Entered Level 5 of the Dungeon
  3840 | D:5      | Found a sacrificial altar of Ru.
  3858 | D:5      | Noticed a two-headed ogre
  3869 | D:5      | Killed a two-headed ogre
  3869 | D:5      | Reached skill level 10 in Axes
  3869 | D:5      | Reached XP level 8. HP: 74/74 MP: 7/7
  4497 | D:6      | Found a bloodstained altar of Trog.
  4500 | D:6      | Found a radiant altar of Vehumet.
  4500 | D:6      | Found a hazy altar of Hepliaklqana.
  4504 | D:6      | Found a blossoming altar of Fedhas.
  4530 | D:6      | Found a sparkling altar of Nemelex Xobeh.
  4563 | D:6      | Noticed Menkaure
  4572 | D:6      | Killed Menkaure
  4579 | D:6      | Reached XP level 9. HP: 55/82 MP: 8/8
  5225 | D:7      | Found a snail-covered altar of Cheibriados.
  5232 | D:7      | Got a bloodstained war axe
  5233 | D:7      | Identified the +5 war axe of Contradiction {chop, MR+ Dex+4} (You found it on level 7 of the Dungeon)
  5613 | D:7      | Noticed Pikel
  5633 | D:7      | Killed Pikel
  5751 | D:7      | Found a glowing golden altar of the Shining One.
  5849 | D:7      | Found a runed door.
  5968 | D:7      | Noticed Crazy Yiuf
  5972 | D:7      | Killed Crazy Yiuf
  6025 | D:8      | Found a shadowy altar of Dithmenos.
  6034 | D:8      | Reached **** piety under Trog
  6322 | D:8      | Reached skill level 11 in Axes
  6322 | D:8      | Reached XP level 10. HP: 84/91 MP: 9/9
  6350 | D:8      | Found a shattered altar of Ashenzari.
  6377 | D:8      | Found a deep blue altar of Sif Muna.
  6797 | D:9      | Found Yshriuwer's General Store.
  6892 | D:9      | Reached skill level 10 in Fighting
  7172 | D:9      | Found a staircase to the Lair.
  7367 | D:10     | Entered Level 10 of the Dungeon
  7467 | D:10     | Reached skill level 10 in Armour
  7560 | D:10     | Reached ***** piety under Trog
  7929 | D:10     | Found a staircase to the Orcish Mines.
  8621 | Lair:1   | Entered Level 1 of the Lair of Beasts
  8621 | Lair:1   | Found a transporter.
  8621 | Lair:1   | Noticed a black mamba
  8622 | Lair:1   | Noticed a spiny frog
  8627 | Lair:1   | Killed a spiny frog
  8648 | Lair:1   | Reached XP level 11. HP: 53/101 MP: 10/10
  9137 | D:11     | Reached skill level 12 in Axes
  9169 | D:11     | Noticed a six-headed hydra
  9175 | D:11     | Killed a ten-headed hydra
  9202 | D:11     | Noticed a two-headed ogre
  9207 | D:11     | Killed a two-headed ogre
  9207 | D:11     | Reached skill level 10 in Dodging
  9209 | D:11     | Noticed Sonja
  9239 | D:11     | HP: 3/102 [asphyx]
  9249 | D:11     | Killed Sonja
  9249 | D:11     | Succumbed to Sonja's poison

Skill      XL: |  1  2  3  4  5  6  7  8  9 10 11 |
---------------+----------------------------------+-----
Fighting       | 4 7 8 9 10 11 | 11.3
Axes           | 4 9 10 11 12 | 12.4
Armour         | 3 6 7 8 9 10 11 | 11.1
Dodging        | 5 6 7 8 9 10 | 10.2

Action                   |  1- 3 |  4- 6 |  7- 9 | 10-12 || total
-------------------------+-------+-------+-------+-------++-------
Melee: Hand axe          |    37 |   118 |   119 |       ||   274
       Headbutt          |    12 |    20 |    41 |    30 ||   103
       War axe           |       |       |    74 |   186 ||   260
Invok: Berserk           |     1 |     2 |     3 |     2 ||     8
       Trog's Hand       |       |       |     1 |       ||     1
       Burn Spellbooks   |       |       |       |     2 ||     2
  Use: Scroll            |     1 |     3 |     4 |    11 ||    19
       Potion            |     1 |       |       |     3 ||     4
  Eat: Chunk             |     1 |     6 |     2 |     1 ||    10
       Ration            |       |       |     4 |     3 ||     7
Armor: Animal skin       |     8 |       |       |       ||     8
       Ring mail         |       |    37 |    55 |    13 ||   105
       Plate armour      |       |       |       |   105 ||   105
Dodge: Dodged            |    29 |    76 |   138 |   157 ||   400
